 Dungeon Crawl Stone Soup version 0.27-a0-679-g77a6b55cf3 (webtiles) character file.

Game seed: 8555055393050406664

42 kae the Ruffian (level 3, -18/31 HPs)
             Began as a Naga Transmuter on Mar 18, 2021.
             Demolished by an ogre
             ... wielding a +0 giant spiked club
              (19 damage)
             ... on level 5 of the Dungeon.
             The game lasted 00:01:11 (2363 turns).

kae the Ruffian (Naga Transmuter)                   Turns: 2363, Time: 00:01:12

Health: -18/31     AC:  2    Str: 12 (13) XL:     3   Next: 56%
Magic:  0/6        EV: 10    Int: 12 (13) God:
Gold:   75         SH:  0    Dex: 10 (11) Spells: 2/6 levels left

rFire    . . .     SeeInvis +     - Unarmed
rCold    . . .     Faith    .   (no shield)
rNeg     . . .     Spirit   .   a - +0 robe
rPois    +         Reflect  .   (no helmet)
rElec    .         Harm     .   (no cloak)
rCorr    .         Rampage  .   (no gloves)
Will     .....                  (no barding)
Stlth    ..........             (no amulet)
HPRegen  0.10/turn              (no ring)
MPRegen  0.10/turn              (no ring)

@: short of breath, silenced, very slightly contaminated, very slow
A: AC +1, large, see invisible, deformed body, poison resistance, slowness 2,
spit poison 1, naga tail 1
a: Spit Poison


You were on level 5 of the Dungeon.
You visited 1 branch of the dungeon, and saw 4 of its levels.

You collected 75 gold pieces.

Inventory:

Armour
 a - a +0 robe (worn)
Jewellery
 g - a ring of flight
Scrolls
 e - a scroll of random uselessness {unknown}
 f - a scroll of identify {unknown}
Potions
 c - 2 potions of curing


   Skills:
 + Level 1.3 Fighting
 + Level 1.8 Dodging
 * Level 3.5 Unarmed Combat
 + Level 2.2 Spellcasting
 * Level 2.5 Transmutations
 * Level 0.4 Poison Magic


You had 2 spell levels left.
You knew the following spells:

 Your Spells              Type           Power      Damage    Failure   Level
a - Beastly Appendage     Tmut           14%        N/A       10%         1
b - Spider Form           Tmut/Pois      2%         N/A       38%         3

Your spell library contained the following spells:

 Spells                   Type           Power      Damage    Failure   Level
 Wereblood                Tmut           7%         N/A       14%         2
 Magic Dart               Conj           4%         1d3       26%         1
 Blink                    Tloc           N/A        N/A       38%         2
 Call Imp                 Summ           1%         N/A       38%         2
 Slow                     Hex            1%         N/A       38%         2
 Mephitic Cloud           Conj/Pois/Air  1%         N/A       58%         3
 Conjure Flame            Conj/Fire      1%         6-21      63%         3
 Ice Form                 Ice/Tmut       4%         N/A       83%         4
 Blade Hands              Tmut           3%         N/A       95%         5


Dungeon Overview and Level Annotations

Branches:
Dungeon (3/15)

Altars:
Gozag


Innate Abilities, Weirdness & Mutations

Your serpentine skin is tough. (AC +1)
You have supernaturally acute eyesight. (SInv)
Armour fits poorly on your strangely shaped body.
Your system is resistant to poisons. (rPois)
You cover ground very slowly.
You can spit poison.
You have a snake-like lower body.


Message History

An ogre is nearby!
Casting: Beastly Appendage (safe; 9% risk of failure)
Confirm with . or Enter, or press ? or * to list all spells.
The spell is extremely dangerous to cast (36% risk of failure)!
Continue anyway? [Y]es or [N]o only, please.
The spell is extremely dangerous to cast (36% risk of failure)!
Continue anyway?
You miscast Spider Form.
You are very lightly contaminated with residual magic.
You feel rather nauseous for a moment. You resist.
Casting: Spider Form (extremely dangerous; 36% risk of failure)
Confirm with . or Enter, or press ? or * to list all spells.
The spell is extremely dangerous to cast (36% risk of failure)!
Continue anyway? [Y]es or [N]o only, please.
The spell is extremely dangerous to cast (36% risk of failure)!
Continue anyway?
You miscast Spider Form.
Nothing appears to happen.
It was a potion of degeneration.
There was something very wrong with that liquid.
You feel weakened.
You feel dopey.
You feel clumsy.
It was a potion of curing.
You feel better.
As you read the scroll labelled XETZAWKY TIASCH, it crumbles to dust.
A profound silence engulfs you.
It was a scroll of silence.
You hit the ogre.
The ogre is lightly wounded.
The ogre closely misses you.
You hit the ogre.
The ogre is moderately wounded.
The ogre closely misses you.
You hit the ogre.
The ogre is heavily wounded.
The ogre hits you with a +0 giant spiked club!!
Ouch! That really hurt!
* * * LOW HITPOINT WARNING * * *
Abil: Spit Poison
Press: ? - help, Q - select action, (/) - cycle Shift-Dir - straight line, f - ogre
Aim: an ogre, wielding a +0 giant spiked club (silenced, heavily wounded)
The splash of poison hits the ogre.
The ogre is poisoned.
The ogre is heavily wounded.
The ogre hits you with a +0 giant spiked club!!
Ouch! That really hurt!
You die...

.. .## .....
.#.# ..#
##.###...
####........
#.........#.
#O##.##..##
#@##.# #.#
#.##.# .#
..##.# #
#####.# #.#
..


You could see an ogre (poisoned).

Vanquished Creatures
  An adder (D:3)
  A worm (D:2)
  A dart slug (D:1)
  A leopard gecko (D:2)
  A giant cockroach (D:1)
  3 goblins
  4 hobgoblins
  A quokka (D:1)
  A ball python (D:1)
  6 bats
  2 frilled lizards
  2 kobolds (D:1)
  5 rats
29 creatures vanquished.

Notes
Turn   | Place    | Note
-------+----------+-------------------------------------------
     0 | D:1      | kae the Naga Transmuter began the quest for the Orb.
     0 | D:1      | Reached XP level 1. HP: 18/18 MP: 3/3
   361 | D:1      | Reached XP level 2. HP: 19/25 MP: 3/5
  1338 | D:2      | Reached XP level 3. HP: 31/31 MP: 6/6
  1342 | D:2      | Learned a level 3 spell: Spider Form
  1892 | D:2      | Found an opulent altar of Gozag.
  2350 | D:3      | You fall into a shaft and drop 2 floors!
  2350 | D:5      | Entered Level 5 of the Dungeon
  2351 | D:5      | Noticed an ogre
  2362 | D:5      | HP: 1/31 [ogre/+0 giant spiked club (30)]
  2363 | D:5      | Demolished by an ogre

Illustrated notes

Levels and vault maps discovered:
D:1:      minmay_arrival_stone_box, layout_loops_ring
D:2:      layout_basic, grunt_gozag_breadcrumbs, hangedman_decor_growths,
          minmay_pentomino_v2
D:3:      layout_loops_ring, ashenzari_conservatory_becter, grunt_ministairs_8,
          minmay_close_crescents, uniq_sigmund
D:5:      layout_loops_ring, minmay_temple_entry_butterflies, serial_shops,
          nicolae_shop_window_shopping, minmay_between, uniq_edmund

Action                   || total
-------------------------++-------
Melee: Unarmed           ||    37
       Headbutt          ||     3
       Punch             ||     1
 Cast: Beastly Appendage ||    16
 Abil: Spit Poison       ||    24
  Use: Potion            ||     2
       Scroll            ||     1
Armor: Robe              ||     4
Dodge: Dodged            ||    22

Table legend: (Time is in decaauts)
 A = Elapsed time spent in this place.
 B = Non-inter-level travel time spent in this place.
 C = Inter-level travel time spent in this place.
 D = Time resting spent in this place.
 E = Time spent auto-exploring this place.
 F = Levels seen in this place.
 G = Mean time per level.
                   A        B        C        D        E       F      G
               +--------+--------+--------+--------+--------+-----+--------+
         Total |   2961 |   2905 |     56 |      0 |   2698 |   4 |  740.2 |
       Dungeon |   2961 |   2905 |     56 |      0 |   2698 |   4 |  740.2 |
               +--------+--------+--------+--------+--------+-----+--------+

Top non-repeatable levels by time:
     D:1: 1580 daAuts
     D:2: 1143 daAuts
     D:3: 222 daAuts
     D:5: 14 daAuts
